 Dungeon Crawl Stone Soup version 0.14-a0-2340-g8df0fbc (webtiles) character file.

550 Paddoo the Cudgeler (level 7, -1/41 HPs)
             Began as a Gargoyle Skald on Jan 30, 2014.
             Slain by a malarious mermaid
             ... wielding a +0,+0 trident
              (10 damage)
             ... in a sewer.
             The game lasted 00:16:52 (2426 turns).

Paddoo the Cudgeler (Gargoyle Skald)                Turns: 2426, Time: 00:16:52

HP  -1/41        AC 16     Str 15      XL: 7   Next:  2%
MP  13/13        EV 11     Int 15      God:
Gold 107         SH  0     Dex 14      Spells:  2 memorised,  8 levels left

rFire  . . .     SeeInvis .     o - +2,+0 mace (crush)
rCold  . . .     Clarity  .     n - +0 elf chain mail
rNeg   + . .     Conserve .     (no shield)
rPois  +         rCorr    .     (no helmet)
rElec  +         rRot     +     (no cloak)
SustAb . .       Spirit   .     (no gloves)
rMut   .         Warding  .     z - +1 pair of boots
Saprov . . .     Stasis   .     D - amulet of rage
MR     .....                    (no ring)
                                l - ring of flight

@: mesmerised, agile, very slightly contaminated, hasted, very quick, not
resistant to hostile enchantments, extremely unstealthy
A: life protection 1, electricity resistance, unbreathing, petrification
resistance, AC +4
a: Evoke Berserk Rage, Evoke Flight


You were in a sewer.
You were not hungry.

You visited 1 branch of the dungeon, and saw 3 of its levels.
You also visited: Sewer.

You collected 107 gold pieces.

Inventory:

Hand weapons
 a - a +0,+0 mace
 o - a +2,+0 mace of crushing (weapon)
Missiles
 f - 32 darts
 q - 27 poisoned needles
 A - 3 silver tomahawks (quivered)
Armour
 j - a +0 elven leather armour
 n - a +0 elven chain mail (worn)
 z - a +1 pair of boots (worn)
 C - a cursed +0 robe
Comestibles
 d - 3 bread rations
Scrolls
 b - a scroll of curse jewellery {unknown}
 e - 6 scrolls of remove curse {unknown}
 g - a scroll of fog {unknown}
 i - a scroll of immolation {unknown}
 m - 3 scrolls of identify {unknown}
 p - a scroll of curse weapon {unknown}
 r - 2 scrolls of recharging {unknown}
 t - 3 scrolls of teleportation {unknown}
 v - 2 scrolls of amnesia {unknown}
 w - a scroll of fear {unknown}
 y - 2 scrolls of enchant armour {unknown}
 B - a scroll of blinking {unknown}
 E - a scroll of curse armour {unknown}
Jewellery
 l - a ring of flight (left hand)
 u - an uncursed amulet of inaccuracy {unknown}
 D - an amulet of rage (around neck)
Potions
 h - a potion of agility
 s - a potion of degeneration {unknown}
 x - 2 potions of speed
Books
 c - a book of Battle

   Spells                             Type                      Level
   *Infusion                          Charms                       1
   *Shroud of Golubria                Charms/Translocation         2
   Song of Slaying                    Charms                       2
   Spectral Weapon                    Hexes/Charms                 3
   Regeneration                       Charms/Necromancy            3


   Skills:
 + Level 3.2 Fighting
 * Level 5.3 Maces & Flails
 + Level 4.0 Armour
 - Level 0.7 Dodging
 + Level 2.9 Spellcasting
 + Level 3.2 Charms


You had 8 spell levels left.
You knew the following spells:

 Your Spells              Type           Power        Failure   Level  Hunger
a - Infusion              Chrm           ##....       56%         1    #......
b - Shroud of Golubria    Chrm/Tloc      #.........   99%         2    ##.....


Dungeon Overview and Level Annotations

Branches:
Dungeon (3/16)

Altars:
Ashenzari
Vehumet


Innate Abilities, Weirdness & Mutations

You are resistant to torment.
You are immune to poison.
Your stone body is very resilient (AC +4).
You resist negative energy.
You are resistant to electric shocks.
You can survive without breathing.
You are immune to petrification.


Message History

The malarious mermaid is moderately wounded.
Use which ability? (? or * to list)
You are too mesmerised to rage.
You hit the malarious mermaid but do no damage.
The malarious mermaid is moderately wounded.
The rat bites you but does no damage.
The malarious mermaid chants her luring song.
You hit the rat.
You kill the rat!
The malarious mermaid chants her luring song.
A grey rat comes into view.
You hit the malarious mermaid.
The malarious mermaid is severely wounded.
You hit the malarious mermaid but do no damage.
The malarious mermaid is severely wounded.
The malarious mermaid closely misses you.
You barely miss the malarious mermaid.
The malarious mermaid is severely wounded.
The malarious mermaid hits you with a trident!
You die...

###≈≈≈.##
#∩∩%≈≈≈%.
#########
##########≈≈≈≈≈≈ $
#≈≈≈≈≈≈≈≈≈≈≈≈≈≈.
..
###≈≈≈############
###≈###≈≈≈#.#
#≈≈≈≈r≈≈%≈##%#
#≈≈≈≈≈.m@%...#
#≈≈≈...#######
≈≈... ...# ##


You could see a malarious mermaid and a grey rat.

Vanquished Creatures
  Grinder (D:3)
  An orc priest (D:3)
  Ijyb (D:3)
  5 adders
  A green rat (D:3)
  A giant mite (Sewer)
  3 giant geckos
  An ooze (D:1)
  9 orcs (D:3)
  4 ball pythons
  5 bats
  6 giant cockroaches
  7 grey rats
  6 hobgoblins
  5 kobolds
  A giant newt (D:1)
  11 goblins
  15 rats
83 creatures vanquished.

Notes
Turn   | Place    | Note
--------------------------------------------------------------
     0 | D:1      | Paddoo, the Gargoyle Skald, began the quest for the Orb.
     0 | D:1      | Reached XP level 1. HP: 12/12 MP: 3/3
    98 | D:1      | Reached XP level 2. HP: 15/18 MP: 4/4
   226 | D:1      | Learned a level 2 spell: Shroud of Golubria
   637 | D:1      | Reached XP level 3. HP: 15/22 MP: 6/6
  1527 | D:3      | Found a radiant altar of Vehumet.
  1551 | D:3      | Reached skill level 3 in Maces & Flails
  1606 | D:3      | Reached XP level 4. HP: 24/27 MP: 8/8
  1677 | D:3      | Found a shattered altar of Ashenzari.
  1677 | D:3      | Noticed Ijyb
  1705 | D:3      | Killed Ijyb
  1849 | D:3      | Reached XP level 5. HP: 12/32 MP: 9/9
  1860 | D:3      | Reached skill level 4 in Maces & Flails
  2071 | D:3      | Noticed Grinder
  2080 | D:3      | Paralysed by Grinder for 4 turns
  2090 | D:3      | Paralysed by Grinder for 3 turns
  2120 | D:3      | Killed Grinder
  2120 | D:3      | Reached skill level 5 in Maces & Flails
  2120 | D:3      | Reached XP level 6. HP: 18/37 MP: 9/11
  2281 | D:3      | Found a glowing drain.
  2293 | Sewer    | Entered a sewer
  2412 | Sewer    | Reached XP level 7. HP: 38/41 MP: 13/13
  2426 | Sewer    | Slain by a malarious mermaid

Action                   |  1- 3 |  4- 6 |  7- 9 || total
-------------------------+-------+-------+-------++-------
Melee: Mace              |   147 |   176 |    10 ||   333
Throw: Dart              |     1 |       |       ||     1
       Tomahawk          |       |    11 |       ||    11
 Cast: Infusion          |     3 |       |       ||     3
  Use: Potion            |       |     1 |     3 ||     4
